 Dungeon Crawl Stone Soup version 0.25.0-10-g039870ee82 (webtiles) character file.

Game seed: 16107203444978642895

2953 Majang the Grappler (level 9, -2/81 HPs)
             Began as a Naga Gladiator on June 22, 2020.
             Slain by a large slime creature (39 damage)
             ... on level 6 of the Dungeon.
             The game lasted 00:36:52 (7762 turns).

Majang the Grappler (Naga Gladiator)                Turns: 7762, Time: 00:36:53

Health: -2/81      AC:  8    Str: 21    XL:     9   Next: 81%
Magic:  14/14      EV: 11    Int: 15    God:
Gold:   285        SH:  0    Dex: 17    Spells: 15/15 levels left

rFire    . . .     SeeInvis +   o - +6 flail of the Lost Scars {vamp, rPois Str+4 Int+4 Dex+4}
rCold    . . .     Gourm    .   (no shield)
rNeg     . . .     Faith    .   s - +0 ring mail
rPois    +         Spirit   .   b - +1 helmet
rElec    .         Reflect  .   (no cloak)
rCorr    .         Harm     .   (no gloves)
MR       +....                  (no barding)
Stlth    +++.......             (no amulet)
HPRegen  0.23/turn              (no ring)
MPRegen  0.14/turn              (no ring)

@: very slow
A: large, see invisible, deformed body, poison resistance, slowness 2, slow
metabolism 1, spit poison 1, AC +3
a: Spit Poison


You were on level 6 of the Dungeon.
You were near starving.

You visited 1 branch of the dungeon, and saw 6 of its levels.
You also visited: Sewer.

You collected 285 gold pieces.

Inventory:

Hand Weapons
 o - the +6 flail of the Lost Scars (weapon) {vamp, rPois Str+4 Int+4 Dex+4}
   (You found it on level 6 of the Dungeon)

   It inflicts no extra harm, but heals its wielder when it wounds a living foe.
   It affects your strength (+4).
   It affects your intelligence (+4).
   It affects your dexterity (+4).
   It protects you from poison.
Missiles
 c - 4 throwing nets
 e - 26 boomerangs (quivered)
 r - 4 javelins
Armour
 a - a +0 leather armour
 b - a +1 helmet (worn)
 l - a +0 chain mail
 s - a +0 ring mail (worn)
 y - a +0 plate armour
Wands
 w - a wand of disintegration (12)
 B - a wand of iceblast (7)
Scrolls
 g - 2 scrolls of enchant weapon
 i - 4 scrolls of remove curse
 n - 4 scrolls of identify
 t - 5 scrolls of teleportation
 C - a scroll of magic mapping
 D - a scroll of immolation {unknown}
 E - a scroll of blinking {unknown}
 F - a scroll of acquirement {unknown}
 G - a scroll of fog
Potions
 f - a potion of stabbing {unknown}
 h - 3 potions of curing {unknown}
 j - 3 potions of lignification {unknown}
 k - 2 potions of flight {unknown}
 m - a potion of mutation {unknown}
 p - 2 potions of magic {unknown}
 q - a potion of heal wounds {unknown}
 u - a potion of brilliance {unknown}
 v - a potion of haste {unknown}
 x - 3 potions of ambrosia {unknown}
 z - a potion of degeneration {unknown}
 A - a potion of might {unknown}
Comestibles
 d - 12 rations


   Skills:
 + Level 5.5 Fighting
 + Level 3.4 Throwing
 + Level 3.5 Armour
 + Level 4.4 Dodging
 + Level 7.1 Stealth
 * Level 8.0 Unarmed Combat
 + Level 3.8 Spellcasting


You had 15 spell levels left.
You didn't know any spells.
Your spell library contained the following spells:

 Spells                   Type           Power        Failure   Level  Hunger
 Animate Skeleton         Necr           N/A          30%         1    None
 Apportation              Tloc           #.....       30%         1    None
 Corona                   Hex            #......      30%         1    None
 Summon Small Mammal      Summ           #...         30%         1    None


Dungeon Overview and Level Annotations

Branches:
Dungeon (6/15)              Sewer (visited)
 Temple: D:4-7

Altars:
Nemelex Xobeh
Okawaru

Shops:
D:6 (

Annotations:
D:5 3 runed translucent doors, endorz's ghost, novice MiBe


Innate Abilities, Weirdness & Mutations

You cannot wear boots.
Your serpentine skin is tough. (AC +3)
You have supernaturally acute eyesight. (SInv)
Armour fits poorly on your strangely shaped body.
Your system is resistant to poisons. (rPois)
You cover ground very slowly.
You have a slow metabolism.
You can spit poison.


Message History

The large slime creature is moderately wounded.
The large slime creature misses you.
You hit the large slime creature.
The large slime creature is heavily wounded.
The large slime creature hits you!!
You sock the large slime creature!
The large slime creature is heavily wounded.
The large slime creature barely misses you.
The large slime creature misses you.
You thump the large slime creature!
You feel better.
The large slime creature is heavily wounded.
The large slime creature hits you!
You hit the large slime creature.
You feel better.
The large slime creature is severely wounded.
The large slime creature hits you.
The large slime creature closely misses you.
You barely miss the large slime creature.
The large slime creature is heavily wounded.
The large slime creature hits you!!!
You die...

#........###.....###.####.......
##..###...##.......##............
#...# ##..##.......##.....#####..
....#####.##.[.....##.....# ##..
......## .##.......##.....####...
.......#.######....###......#..>.
....#....###..'....# #..........#
.....#...##.######## #.........##
.....##..###....@J# ###.......#
......##.# #######J# ##......##
...†.....# ..###.......##
.........# ..##.........##
.........# P÷##...........
......#..# J.##.#.........
....###..# P.# #......... ...##
##.# ÷.# #......... ..## #.#
#.........


You could see a large slime creature and a jelly.

Vanquished Creatures
  Pikel (D:4)
  A water moccasin (D:6)
  An ice beast (D:5)
  An orc warrior (D:6)
  A phantom (D:4)
  2 sky beasts (D:6)
  4 ogres
  3 centaurs
  3 big kobolds (D:6)
  2 bullfrogs (D:6)
  4 scorpions
  2 crimson imps
  A howler monkey (D:6)
  A centaur zombie (D:5)
  4 hounds
  A centaur skeleton (D:6)
  A gnoll shaman (D:4)
  2 orc wizards
  Jessica (D:2)
  2 worker ants
  10 adders
  8 gnolls
  8 river rats
  A shadow imp (D:5)
  2 oozes
  2 worms (D:3)
  3 dart slugs (D:1)
  6 leopard geckos
  17 orcs
  8 bats
  13 giant cockroaches
  12 goblins
  12 hobgoblins
  2 jackals (D:5)
  14 kobolds
  2 quokkas
  7 ball pythons
  11 frilled lizards
  A jackal skeleton (D:6)
  A leopard gecko skeleton (D:4)
  A quokka skeleton (D:5)
  18 rats
197 creatures vanquished.

Vanquished Creatures (others)
  2 slaves (D:4)
  A hound (D:4)
  A worker ant (D:4)
  A gnoll (D:4)
  An adder (D:4)
  A fungus (D:5)
  3 plants (D:5)
  4 toadstools (D:6)
14 creatures vanquished.

Grand Total: 211 creatures vanquished

Notes
Turn   | Place    | Note
-------+----------+-------------------------------------------
     0 | D:1      | Majang the Naga Gladiator began the quest for the Orb.
     0 | D:1      | Reached XP level 1. HP: 19/19 MP: 1/1
   230 | D:1      | Reached XP level 2. HP: 15/26 MP: 2/2
   696 | D:1      | Reached XP level 3. HP: 33/33 MP: 3/3
   978 | D:1      | Reached skill level 4 in Unarmed Combat
  1177 | D:2      | Reached XP level 4. HP: 19/42 MP: 4/4
  1534 | D:2      | Noticed Jessica
  1544 | D:2      | Killed Jessica
  1544 | D:2      | Reached XP level 5. HP: 49/49 MP: 5/5
  1711 | D:2      | Reached skill level 1 in Stealth
  2039 | D:2      | Found a sparkling altar of Nemelex Xobeh.
  2645 | D:3      | Reached skill level 5 in Unarmed Combat
  2645 | D:3      | Reached XP level 6. HP: 55/56 MP: 5/7
  2736 | D:3      | Reached skill level 1 in Spellcasting
  2817 | D:3      | Found an iron altar of Okawaru.
  3175 | D:4      | Reached skill level 1 in Armour
  3213 | D:4      | Found a glowing drain.
  3226 | Sewer    | Entered a sewer
  3877 | D:4      | Noticed a slave
  3878 | D:4      | Noticed Pikel
  3879 | D:4      | Noticed a slave
  3880 | D:4      | Noticed a slave
  3880 | D:4      | Noticed a slave
  3904 | D:4      | Killed Pikel
  3904 | D:4      | Reached skill level 6 in Unarmed Combat
  3904 | D:4      | Reached XP level 7. HP: 7/64 MP: 7/10
  4230 | D:4      | Reached XP level 8. HP: 35/72 MP: 11/11
  5185 | D:5      | Entered Level 5 of the Dungeon
  5361 | D:5      | Reached skill level 5 in Stealth
  5571 | D:5      | Found a runed translucent gate.
  5571 | D:5      | Found a runed translucent gate.
  5571 | D:5      | Found a runed translucent gate.
  5858 | D:5      | Noticed endorz's ghost (novice MiBe)
  5985 | D:5      | Reached skill level 7 in Unarmed Combat
  6035 | D:5      | Reached XP level 9. HP: 76/80 MP: 13/13
  6212 | D:6      | Reached skill level 5 in Fighting
  6781 | D:6      | Got a shimmering flail
  6782 | D:6      | Identified the +6 flail of the Lost Scars {vamp, rPois
                  | Str+4 Int+4 Dex+4} (You found it on level 6 of the Dungeon)
  7138 | D:6      | Found Nodu's Antique Weapon Shoppe.
  7694 | D:6      | Reached skill level 8 in Unarmed Combat
  7762 | D:6      | Slain by a large slime creature

Illustrated notes

Levels and vault maps discovered:
D:1:      roderic_octagonal_star, layout_basic
D:2:      layout_basic, nemelex_xobeh_ov_fountains_minmay, uniq_jessica
D:3:      layout_rooms, okawaru_ov_weapons_minmay
D:4:      layout_basic, portal_sewer_entry_e, enter_ossuary_5, uniq_pikel
D:5:      layout_cave_pools, gammafunk_ghost_nasty_kobolds, first_ration,
          minmay_fractal_squares_gapless_5
D:6:      cheibrodos_fertilizer, layout_layer_cave, serial_shops, shop,
          minmay_misc_feat_four_crosses

Skill      XL: |  1  2  3  4  5  6  7  8  9 |
---------------+----------------------------+-----
Unarmed Combat | 4 5 6 7 8 |  8.0
Fighting       | 3 4 5 |  5.5
Stealth        | 2 4 5 7 |  7.1
Spellcasting   | 2 3 |  3.8
Armour         | 2 3 |  3.5
Dodging        | 3 4 |  4.4
Throwing       | 2 3 |  3.4

Action                   |  1- 3 |  4- 6 |  7- 9 || total
-------------------------+-------+-------+-------++-------
Melee: Unarmed           |    68 |   244 |   221 ||   533
       Punch             |       |     4 |    19 ||    23
       Flail             |       |       |    82 ||    82
Throw: Throwing net      |     1 |       |       ||     1
       Boomerang         |    22 |     8 |    20 ||    50
 Abil: Spit Poison       |    25 |    47 |    42 ||   114
Evoke: Wand              |       |       |     1 ||     1
  Use: Scroll            |       |     6 |     3 ||     9
       Potion            |       |     1 |     2 ||     3
 Stab: Sleeping          |       |     2 |     4 ||     6
  Eat: Chunk             |     1 |    11 |    11 ||    23
Armor: Leather armour    |    22 |       |       ||    22
       Chain mail        |       |    32 |       ||    32
       Ring mail         |       |    54 |   116 ||   170
Dodge: Dodged            |    33 |   106 |   160 ||   299
